 Dungeon Crawl Stone Soup version 0.18-a0-801-gb01a236 (webtiles) character file.

216279 Raultor the Unseen (level 18, 0/143 HPs)
             Began as a Vampire Assassin on Dec 14, 2015.
             Was the Champion of Dithmenos.
             Slain by a redback (3 damage)
             ... on level 4 of the Spider Nest.
             The game lasted 03:47:56 (42434 turns).

Raultor the Unseen (Vampire Assassin)              Turns: 42434, Time: 03:47:57

Health: 0/143      AC: 14    Str: 10      XL:     18   Next: 73%
Magic:  0/25       EV: 14    Int: 14      God:    Dithmenos [******]
Gold:   2815       SH:  0    Dex: 24 (25) Spells: 8 memorised, 1 level left

rFire  + . .     SeeInvis +     G - +4 scimitar (vamp)
rCold  + + .     Clarity  .     r - +3 leather armour "Weup" {Int+2 Slay+3}
rNeg   + + +     SustAt   .     f - +2 shield {reflect}
rPois  ∞         Gourm    .     u - +0 helmet "Momegir" {rPois SInv}
rElec  .         Spirit   .     M - +1 cloak
rCorr  +         Dismiss  .     b - +0 pair of gloves "Jigoiske" {rCorr Int-4 Stlth+} (curse)
rMut   .         Stasis   .     p - +0 pair of boots {run}
MR     ++...                    s - +5 amulet of reflection
Stlth  ++++++++++               Z - ring of Ineif {rF+ Dex+4}
                                E - ring "Kasor" {rN+ MR+ EV+3}

@: about to teleport, very slightly contaminated, held, bloodless,
non-regenerating, wreathed by umbra, studying Short Blades, invisible, quick,
very resistant to hostile enchantments, uncannily stealthy
A: fangs 3, see invisible, unbreathing
a: Bat Form, Shadow Step, Shadow Form, Renounce Religion


You were on level 4 of the Spider Nest.
You worshipped Dithmenos.
Dithmenos was exalted by your worship.
You were bloodless.

You visited 5 branches of the dungeon, and saw 32 of its levels.
You visited the Abyss 2 times.
You also visited: Labyrinth.

You collected 3950 gold pieces.
You spent 1135 gold pieces at shops.

Inventory:

Hand Weapons
 q - a +2 short sword of electrocution
   (You found it on level 2 of the Orcish Mines)
 D - a +6 quick blade
   (You acquired it on level 3 of the Elven Halls)
 G - a +4 vampiric scimitar (weapon)
   (You subdued it on level 1 of the Elven Halls)
Missiles
 S - a throwing net {=f, !d}
Armour
 b - the cursed +0 pair of gloves "Jigoiske" (worn) {rCorr Int-4 Stlth+}
   (You found it on level 3 of the Elven Halls)

   It affects your intelligence (-4).
   It protects you from acid and corrosion.
   It makes you more stealthy.
   It has a curse placed upon it.
 e - the +9 plate armour of Sohodu {*Corrode Regen+ Int-4 Dex+9}
   (You found it on level 1 of the Spider Nest)

   It affects your intelligence (-4).
   It affects your dexterity (+9).
   It increases your rate of regeneration.
   It may corrode your equipment when you take damage.
 f - a +2 shield of reflection (worn)
   (You took it off Wiglaf on level 2 of the Spider Nest)
 p - a +0 pair of boots of running (worn)
   (You found it on level 3 of the Elven Halls)
 r - the +3 leather armour "Weup" (worn) {Int+2 Slay+3}
   (You found it on level 4 of the Lair of Beasts)

   It affects your intelligence (+2).
   It affects your accuracy and damage with ranged weapons and melee attacks
   (+3).
 u - the +0 helmet "Momegir" (worn) {rPois SInv}
   (You took it off Robin on level 4 of the Dungeon)

   It protects you from poison.
   It lets you see invisible.
 H - a +0 buckler of protection
   (You took it off a tengu warrior on level 15 of the Dungeon)
 M - a +1 cloak (worn)
   (You found it on level 6 of the Lair of Beasts)
Magical Staves
 O - an uncursed staff of wizardry {unknown}
   (You found it on level 4 of the Spider Nest)
Jewellery
 j - the amulet of Cekugob {Dismiss -Tele rElec rPois rN++ AC+1 EV+1}
   (You took it off Saint Roka on level 3 of the Elven Halls)

   [amulet of dismissal]

   It may teleport away creatures that harm you.
   It affects your AC (+1).
   It affects your evasion (+1).
   It insulates you from electricity.
   It protects you from poison.
   It greatly protects you from negative energy.
   It prevents most forms of teleportation.
 s - a +5 amulet of reflection (around neck)
   (You found it on level 2 of the Dungeon)
 E - the ring "Kasor" (left hand) {rN+ MR+ EV+3}
   (You bought it in a shop on level 2 of the Orcish Mines)

   [ring of evasion]

   It affects your evasion (+3).
   It protects you from negative energy.
   It affects your resistance to hostile enchantments.
 J - an uncursed ring of teleportation {+/*tele, !d}
   (You found it on level 8 of the Dungeon)
 K - an uncursed ring of ice {rC+, rF-}
   (You found it on level 8 of the Dungeon)
 Q - the ring "Jyariby" {rC+ Slay+3}
   (You took it off a deep elf mage on level 3 of the Elven Halls)

   [ring of protection from cold]

   It affects your accuracy and damage with ranged weapons and melee attacks
   (+3).
   It protects you from cold.
 Z - the ring of Ineif (right hand) {rF+ Dex+4}
   (You found it in a labyrinth)

   [ring of protection from fire]

   It affects your dexterity (+4).
   It protects you from fire.
Wands
 w - a wand of invisibility (7)
   (You found it on level 5 of the Dungeon)
 U - a wand of digging (16)
   (You found it on level 4 of the Spider Nest)
Scrolls
 a - 2 scrolls of silence
 i - 6 scrolls of fear
 m - 15 scrolls of teleportation
 n - 4 scrolls of identify
 o - 3 scrolls of blinking {!r}
 v - 2 scrolls of enchant weapon
 A - 3 scrolls of magic mapping {!r}
 L - 4 scrolls of amnesia
 N - 5 scrolls of recharging
 P - 4 scrolls of enchant armour
 R - 12 scrolls of remove curse
 W - 2 scrolls of fog
Potions
 d - 2 potions of ambrosia {!q}
 g - 2 potions of blood {@q1}
 h - 3 potions of cancellation
 k - 13 potions of curing
 l - 2 potions of might
 x - a potion of magic
 z - 7 potions of heal wounds
 B - 2 potions of resistance
 C - 4 potions of agility
 T - 6 potions of brilliance
 X - 2 potions of haste
 Y - 2 potions of flight
Books
 t - an Akashic Record
   (You found it on level 14 of the Dungeon)
 y - a manual of Short Blades {!d}
   (You found it on level 3 of the Elven Halls)
 I - a book of Dreams
   (You found it on level 13 of the Dungeon)
Miscellaneous
 F - a phial of floods (inert)
   (You found it on level 3 of the Elven Halls)


   Skills:
 + Level 13.3 Fighting
 + Level 14.9(15.4) Short Blades
 - Level 6.3(11.1) Long Blades
 - Level 1.5 Throwing
 + Level 10.8 Armour
 - Level 14.3 Dodging
 - Level 20.4 Stealth
 + Level 5.0 Shields
 - Level 4.9 Spellcasting
 - Level 16.8 Hexes
 + Level 7.0 Charms
 - Level 1.9 Invocations
 - Level 6.4 Evocations


You had one spell level left.
You knew the following spells:

 Your Spells              Type           Power        Failure   Level  Hunger
a - Tukima's Dance        Hex            ######..     1%          3    ###....
b - Dazzling Spray        Conj/Hex       ####....     10%         3    ###....
c - Confuse               Hex            ######..     1%          3    ###....
d - Invisibility          Hex            ######..     14%         6    #######
e - Repel Missiles        Chrm/Air       ##....       34%         2    ##.....
f - Darkness              Hex            ######....   14%         6    #######
g - Apportation           Tloc           #.........   85%         1    None
B - Summon Butterflies    Summ           #.......     85%         1    None


Dungeon Overview and Level Annotations

Branches:
Dungeon (15/15)            Temple (0/1) D:5            Lair (8/8) D:10
  Swamp (0/4) Lair:4       Spider (4/4) Lair:5        Slime (0/6) Lair:8
    Orc (2/2) D:9             Elf (3/3) Orc:2        Vaults (0/5) D:13
 Depths (0/5) D:15

Altars:
Ashenzari
Dithmenos
Elyvilon
Fedhas
Kikubaaqudgha
Makhleb
Okawaru
Pakellas
Qazlal
Sif Muna
Trog
Vehumet
Xom
Yredelemnul
The Shining One
Beogh
Jiyva

Shops:
D:5 (   D:9 :   D:10 (   Orc:2 %!=[   Elf:1 }   Elf:3 [

Portals:
Trove: D:12 (give +6 demon whip)

Annotations:
D:9 exclusion: Erica, Erica


Innate Abilities, Weirdness & Mutations

You do not heal naturally.
You are immune to poison.
You have razor-sharp teeth.
You have supernaturally acute eyesight.
You can survive without breathing.


Message History

The trapdoor spider hisses angrily.
A trapdoor spider leaps out from its hiding place under the floor!
The wolf spider hisses angrily.
You slash the ghost moth!
You feel better. The jumping spider barely misses you.
You block the jumping spider's attack.
The jumping spider completely misses you.
You block the jumping spider's attack.
You regained 6 hp, and now have 124/143 hp.
Your shield prevents you from hitting the trapdoor spider.
Your shadow barely misses the trapdoor spider.
A trapdoor spider hides itself under the floor.
The trapdoor spider closely misses you. You block the ghost moth's attack.
The ghost moth hits you but does no damage.
You block the ghost moth's attack.
You catch the helpless trapdoor spider completely off-guard!
You slice the trapdoor spider!!
Your shadow closely misses the trapdoor spider.
You flicker back into view.
The jumping spider hisses angrily.
The jumping spider pounces on you. You block the jumping spider's attack.
You block the jumping spider's attack.
The jumping spider completely misses you.
The trapdoor spider bites you! The ghost moth stares at you.
You feel your power leaking away. The ghost moth hits you.
The ghost moth misses you. The ghost moth stings you.
The jumping spider pounces on you!
You are caught in a web!
A trapdoor spider leaps out from its hiding place under the floor!
The jumping spider bites you but does no damage.
The trapdoor spider barely misses you. The jumping spider misses you.
The jumping spider closely misses you.
The wolf spider hisses angrily. x2
You take 27 damage, and have 97/143 hp.
You now have 0/25 mp.
The web tears apart.
The trapdoor spider hisses angrily.
The jumping spider leaps!
The jumping spider pounces on you.
You are caught in a web!
The jumping spider bites you but does no damage.
The trapdoor spider bites you but does no damage.
The ghost moth stares at you.
The ghost moth hits you but does no damage. x2
The ghost moth barely misses you. The redback bites you.
The ghost moth stares at you.
You take 2 damage, and have 95/143 hp.
You struggle to detach yourself from the web.
The jumping spider closely misses you. x2
The trapdoor spider misses you. The ghost moth hits you.
The ghost moth hits you! The ghost moth misses you.
The redback closely misses you. The trapdoor spider closely misses you.
The trapdoor spider closely misses you.
The jumping spider pounces on you but does no damage.
The jumping spider bites you but does no damage.
You take 14 damage, and have 81/143 hp.
You struggle to detach yourself from the web.
The redback closely misses you. The trapdoor spider bites you!
The ghost moth hits you but does no damage.
The ghost moth misses you. x2
The jumping spider pounces on you!
You are even more entangled.
The jumping spider barely misses you. The trapdoor spider barely misses you.
The trapdoor spider bites you! The ghost moth stares at you.
You feel your power leaking away. The redback barely misses you.
The trapdoor spider closely misses you. The wolf spider hits you.
The wolf spider bites you but does no damage.
You take 30 damage, and have 51/143 hp.
MASSIVE DAMAGE!!
Drink which item? (? for menu, Esc to quit)
Okay, then.
Read which item? (? for menu, Esc to quit)
As you read the scroll of teleportation, it crumbles to dust.
You feel strangely unstable.
The trapdoor spider bites you but does no damage.
The ghost moth barely misses you. The ghost moth hits you!
* * * LOW HITPOINT WARNING * * *
You feel clumsy. The ghost moth stings you.
* * * LOW HITPOINT WARNING * * *
The trapdoor spider bites you but does no damage.
The redback bites you!
* * * LOW HITPOINT WARNING * * *
The trapdoor spider closely misses you. The ghost moth stares at you.
The wolf spider hits you!
* * * LOW HITPOINT WARNING * * *
The wolf spider bites you but does no damage.
The jumping spider leaps!
The ghost moth hits you!
* * * LOW HITPOINT WARNING * * *
You emit a cloud of dark smoke.
The ghost moth hits you but does no damage.
The ghost moth stings you.
* * * LOW HITPOINT WARNING * * *
The trapdoor spider closely misses you.
You take 48 damage, and have 3/143 hp.
MASSIVE DAMAGE!!
Drink which item? (? for menu, Esc to quit)
You fade into invisibility!
The redback bites you.
You die...

#........†. ..^...≈^... s
########.^^. ..
########..^.†^.^.##
..≈#####............^..^..
##≈≈...^...^.#...^.†^.....
^^..y..s.y...(....^.......
......†ssss..#..^^††^.....
..s...†ss@s../^.^^^^..≈...
........y^s...########^≈..
.^.^##.....^####...≈.≈..##
^## ##≈≈.### ##.......^.
##### ##.^...... #........
##.....†. #.......
#.^^..^^


You could see 3 ghost moths, 2 wolf spiders, 3 trapdoor spiders, 3 jumping
spiders, a tarantella (wandering) and a redback.

Vanquished Creatures
  Saint Roka (Elf:3)
  2 deep elf blademasters (Elf:3)
  2 deep elf master archers (Elf:3)
  Kirke (D:15)
  Agnes (Elf:2)
  Wiglaf (Spider:2)
  3 deep elf sorcerers (Elf:3)
  A ghost moth (Spider:4)
  2 orc warlords (Orc:2)
  5 deep elf elementalists (Elf:3)
  An emperor scorpion (Spider:2)
  Nessos (D:15)
  A salamander stormcaller (D:14)
  4 deep elf demonologists (Elf:3)
  Azrael (Elf:1)
  2 spark wasps (Spider:4)
  3 deep elf annihilators (Elf:3)
  A dire elephant (Lair:8)
  An ettin (Orc:1)
  6 deep elf death magi
  A minotaur (Lab)
  Josephine (D:12)
  2 deep elf high priests (Elf:3)
  12 hydras
  3 centaur warriors
  3 catoblepae
  A deep troll shaman (Lair:8)
  The ghost of George the Basher, a journeyman GrFi of Okawaru (D:11)
  4 death yaks (Lair:8)
  3 orc high priests (Orc:2)
  27 dancing weapons
  2 tengu warriors
  18 deep elf knights
  Nergalle (Lair:3)
  A vampire mage (D:15)
  A skeletal warrior (D:15)
  A salamander mystic (D:14)
  5 unseen horrors
  2 wizards
  A deep troll (D:13)
  A harpy (shapeshifter) (D:13)
  5 hill giants
  4 lindwurms (D:13)
  45 deep elf magi
  A phantasmal warrior (D:13)
  13 deep elf archers
  A wolf spider zombie (D:13)
  2 necromancers
  7 orc knights
  5 orc sorcerers (Orc:2)
  3 griffons
  4 hornets
  16 orb spiders
  A cyclops (D:12)
  9 ugly things
  A sixfirhy (Elf:3)
  24 wolf spiders
  3 salamanders (D:14)
  13 elephants
  A moth of wrath (Spider:3)
  Joseph (D:7)
  2 black mambas
  4 manticores
  9 spiny frogs
  3 centaur skeletons
  2 gargoyles
  An efreet (D:14)
  A yaktaur (D:14)
  4 fire drakes
  6 demonic crawlers
  17 komodo dragons
  8 trolls
  A redback zombie (D:15)
  A yaktaur skeleton (D:15)
  A guardian mummy (D:15)
  2 queen bees (D:9)
  A wolf spider simulacrum (D:13)
  A tengu conjurer (D:15)
  2 boulder beetles
  24 blink frogs
  4 polar bears
  2 two-headed ogres
  Prince Ribbit (D:8)
  10 slime creatures (D:14)
  A trapdoor spider zombie (D:11)
  A fire dragon zombie (D:15)
  An elf zombie (D:15)
  3 air elementals
  22 jumping spiders
  An ice dragon zombie (D:15)
  23 redbacks
  20 trapdoor spiders
  3 fire elementals
  Sigmund (D:3)
  5 shadows
  A vampire (D:15)
  45 yaks
  5 water elementals
  4 hungry ghosts
  21 tarantellas
  5 wraiths (D:12)
  2 wyverns
  6 vampire mosquitoes
  4 basilisks
  7 wolves
  Menkaure (D:5)
  6 hippogriffs
  4 wargs
  3 hell hounds (Elf:1)
  32 orc warriors
  3 ice beasts
  19 water moccasins
  7 porcupines
  An eye of draining (D:11)
  3 phantoms
  5 wasps
  5 black bears
  An elephant zombie (Lair:5)
  2 necrophages
  5 sky beasts
  16 ogres
  8 centaurs
  3 big kobolds
  20 crocodiles
  Blork the orc (D:5)
  3 earth elementals
  21 giant frogs
  2 scorpions
  52 killer bees
  14 wights
  2 electric eels
  A quasit (D:8)
  3 centaur zombies
  3 giant frog zombies
  Crazy Yiuf (D:7)
  6 jellies
  16 two-headed ogre zombies (D:10)
  6 hounds
  5 crimson imps
  23 orc wizards
  23 orc priests
  17 iguanas
  A basilisk zombie (Lair:5)
  6 giant frog skeletons
  14 sheep (Lair:7)
  10 worker ants
  A killer bee zombie (D:10)
  3 hound skeletons
  Robin (D:4)
  14 adders
  7 gnolls
  51 river rats
  4 shadow imps
  An ooze (D:3)
  2 worms
  2 adder skeletons
  8 giant geckos
  101 orcs
  A ball python (D:2)
  5 bats
  6 giant cockroaches
  12 goblins
  7 hobgoblins
  19 kobolds
  3 quokkas
  4 giant newts
  A quokka skeleton (D:6)
  8 rats
  A fungus (Lair:7)
  A plant (Lair:7)
1215 creatures vanquished.

Vanquished Creatures (collateral kills)
  Rupert (Lair:3)
  Asterion (Spider:2)
  An orc high priest (Orc:2)
  An ogre mage (D:10)
  3 deep elf knights
  14 deep elf magi
  2 trolls (Orc:2)
  A two-headed ogre (Orc:2)
  2 wargs (Orc:2)
  A porcupine (Lair:3)
  10 orc warriors
  3 ogres (Orc:2)
  A crimson imp (D:11)
  4 orc wizards
  5 orc priests
  23 orcs
73 creatures vanquished.

Vanquished Creatures (others)
  A deep elf demonologist (Elf:2)
  A deep elf annihilator (Elf:3)
  2 deep elf death magi (Elf:1)
  10 dancing weapons
  4 deep elf knights
  4 deep elf archers
  2 deep elf magi (D:11)
  A cyclops (D:11)
  2 yaktaurs (D:14)
  3 jumping spiders
  A troll (D:11)
  A human (D:15)
  An air elemental (Elf:3)
  A fire elemental (Elf:1)
  Grum (D:11)
  2 wolves (D:11)
  An orc warrior (Elf:3)
  A warg (Elf:3)
  2 orc priests
  An orc wizard (D:11)
  A hound zombie (D:11)
  A shadow imp (D:15)
  5 orcs
  A kobold (D:7)
  A quokka (D:11)
  2 crawling corpses (Elf:1)
  22 fungi
  7 plants
82 creatures vanquished.

Grand Total: 1370 creatures vanquished

Notes
Turn   | Place    | Note
--------------------------------------------------------------
     0 | D:1      | Raultor the Vampire Assassin began the quest for the Orb.
     0 | D:1      | Reached XP level 1. HP: 16/16 MP: 1/1
    55 | D:1      | Reached skill level 2 in Fighting
   107 | D:1      | HP: 4/16 [goblin/club (2)]
   285 | D:1      | Reached skill level 6 in Stealth
   319 | D:1      | Reached XP level 2. HP: 19/22 MP: 2/2
   718 | D:1      | Reached XP level 3. HP: 27/27 MP: 3/3
  1478 | D:2      | Found a shadowy altar of Dithmenos.
  1525 | D:2      | Became a worshipper of Dithmenos the Shadowed
  1769 | D:3      | Reached skill level 2 in Dodging
  1779 | D:3      | Reached XP level 4. HP: 26/34 MP: 4/4
  1898 | D:3      | Reached skill level 3 in Short Blades
  1898 | D:3      | Reached skill level 7 in Stealth
  1945 | D:3      | Noticed Sigmund
  2174 | D:3      | Killed Sigmund
  2174 | D:3      | Reached skill level 8 in Stealth
  2174 | D:3      | Reached skill level 1 in Shields
  2174 | D:3      | Reached XP level 5. HP: 40/40 MP: 5/5
  2204 | D:3      | Reached XP level 6. HP: 46/46 MP: 6/6
  2515 | D:3      | Reached skill level 3 in Fighting
  2574 | D:3      | Found a blossoming altar of Fedhas.
  2574 | D:3      | Found an ancient bone altar of Kikubaaqudgha.
  2749 | D:4      | Found a bloodstained altar of Trog.
  2863 | D:4      | Got a brightly glowing trident
  2864 | D:4      | Identified the cursed +3 trident "Eroawnyr" {drain, rElec Int+2} (You found it on level 4 of the Dungeon)
  2910 | D:4      | Reached skill level 3 in Dodging
  3104 | D:4      | Found a stormy altar of Qazlal.
  3111 | D:4      | Found a shattered altar of Ashenzari.
  3111 | D:4      | Noticed Robin
  3138 | D:4      | Killed Robin
  3138 | D:4      | Reached * piety under Dithmenos
  3149 | D:4      | Got a brightly glowing helmet
  3170 | D:4      | Identified the cursed +0 helmet "Momegir" {rPois SInv} (You took it off Robin on level 4 of the Dungeon)
  3406 | D:4      | Found a shadowy altar of Dithmenos.
  3429 | D:4      | Found a burning altar of Makhleb.
  3501 | D:5      | Entered Level 5 of the Dungeon
  3504 | D:5      | Reached skill level 9 in Stealth
  3567 | D:5      | Noticed Menkaure
  3575 | D:5      | Killed Menkaure
  3575 | D:5      | Reached skill level 4 in Short Blades
  3575 | D:5      | Reached XP level 7. HP: 22/52 MP: 7/7
  3942 | D:5      | Found a staircase to the Ecumenical Temple.
  3991 | D:5      | Noticed Blork the orc
  4000 | D:5      | Killed Blork the orc
  4000 | D:5      | Reached skill level 2 in Shields
  4153 | D:5      | Found Qarch's Antique Weapon Shoppe.
  4713 | D:6      | Reached skill level 10 in Stealth
  4807 | D:6      | Reached skill level 4 in Dodging
  4895 | D:6      | Reached skill level 4 in Fighting
  4895 | D:6      | Reached XP level 8. HP: 54/60 MP: 8/8
  5447 | D:5      | Reached skill level 5 in Short Blades
  5454 | D:5      | Reached skill level 11 in Stealth
  5454 | D:5      | Reached skill level 3 in Shields
  5796 | D:7      | Found a glowing golden altar of the Shining One.
  5798 | D:7      | Noticed an angel
  5812 | D:7      | Found a basalt altar of Yredelemnul.
  5814 | D:7      | Noticed a profane servitor
  5953 | D:7      | Noticed Crazy Yiuf
  5996 | D:7      | Killed Crazy Yiuf
  5996 | D:7      | Reached ** piety under Dithmenos
  6091 | D:7      | Noticed Joseph
  6178 | D:7      | Reached skill level 5 in Dodging
  6178 | D:7      | Reached skill level 12 in Stealth
  6228 | D:7      | Reached XP level 9. HP: 66/66 MP: 9/9
  6303 | D:7      | Killed Joseph
  6303 | D:7      | Reached skill level 5 in Fighting
  6303 | D:7      | Reached skill level 6 in Short Blades
  6303 | D:7      | Reached skill level 4 in Shields
  6541 | D:7      | Found a deep blue altar of Sif Muna.
  6552 | D:7      | Reached skill level 13 in Stealth
  6645 | D:7      | Found an oddly glowing altar of Pakellas.
  6761 | D:7      | Reached skill level 1 in Armour
  6838 | D:8      | Reached skill level 6 in Dodging
  6850 | D:8      | Noticed a deep elf mage
  6864 | D:8      | Killed a deep elf mage
  6893 | D:8      | Reached XP level 10. HP: 31/76 MP: 10/10
  7133 | D:8      | Got a creamy pearl robe
  7175 | D:8      | Noticed Prince Ribbit
  7271 | D:8      | Reached skill level 14 in Stealth
  7323 | D:8      | Reached skill level 2 in Armour
  7362 | D:8      | Reached *** piety under Dithmenos
  7425 | D:8      | Found a bloodstained altar of Trog.
  7426 | D:8      | Found a shimmering altar of Xom.
  7844 | D:9      | Reached skill level 7 in Short Blades
  7857 | D:9      | Found a white marble altar of Elyvilon.
  7928 | D:9      | Reached skill level 6 in Fighting
  8053 | D:9      | Reached skill level 7 in Dodging
  8291 | D:9      | Found a staircase to the Orcish Mines.
  8461 | D:9      | Reached skill level 3 in Armour
  8531 | D:9      | Reached skill level 15 in Stealth
  8596 | D:9      | Noticed Erica
  8746 | D:9      | Reached **** piety under Dithmenos
  9932 | D:9      | Found Sijaow's Book Shop.
  9954 | D:9      | Reached XP level 11. HP: 26/83 MP: 11/11
 10372 | D:9      | Bought a book of Maledictions for 400 gold pieces
 10412 | D:9      | Learned a level 3 spell: Tukima's Dance
 10416 | D:9      | Learned a level 3 spell: Confuse
 10429 | D:9      | Found a radiant altar of Vehumet.
 10873 | D:9      | Found a deep blue altar of Sif Muna.
 10958 | D:8      | Reached skill level 16 in Stealth
 11004 | D:8      | Killed Prince Ribbit
 11081 | D:8      | Reached skill level 1 in Hexes
 11163 | D:10     | Entered Level 10 of the Dungeon
 11193 | D:10     | Noticed an unseen horror
 11207 | D:10     | Killed an unseen horror
 11207 | D:10     | Reached skill level 4 in Hexes
 11219 | D:10     | Found Jihiavun's Antique Weapon Shoppe.
 11335 | D:10     | Found a staircase to the Lair.
 11445 | D:10     | Reached skill level 5 in Hexes
 11493 | D:10     | Reached ***** piety under Dithmenos
 11545 | D:10     | Reached skill level 6 in Hexes
 11904 | D:10     | Reached skill level 7 in Hexes
 12376 | D:10     | Noticed an ogre mage
 12685 | D:10     | Killed an ogre mage
 12685 | D:10     | Reached skill level 8 in Hexes
 12928 | D:10     | Reached skill level 9 in Hexes
 13211 | D:10     | Noticed a hill giant
 13217 | D:10     | Killed a hill giant
 13337 | D:10     | Reached skill level 10 in Hexes
 13403 | D:10     | Reached skill level 8 in Short Blades
 13485 | D:11     | Noticed George's ghost (journeyman GrFi)
 13525 | D:10     | Reached skill level 7 in Fighting
 13541 | D:11     | Killed Grum
 13548 | D:11     | Reached skill level 4 in Armour
 13548 | D:11     | Reached skill level 8 in Dodging
 13850 | D:10     | Identified the +1 robe of Impermeability {Dex+2} (You found it on level 8 of the Dungeon)
 13996 | Lair:1   | Entered Level 1 of the Lair of Beasts
 14170 | Lair:1   | Reached skill level 1 in Evocations
 14203 | Lair:1   | Reached skill level 1 in Invocations
 14401 | Lair:1   | Reached XP level 12. HP: 91/91 MP: 13/13
 15023 | Lair:2   | Reached skill level 2 in Evocations
 15225 | Lair:2   | Noticed a four-headed hydra
 15232 | Lair:2   | Killed a four-headed hydra
 15556 | Lair:2   | Noticed an eight-headed hydra
 15562 | Lair:2   | Killed an eight-headed hydra
 15569 | Lair:2   | Reached skill level 3 in Evocations
 15645 | Lair:2   | Reached skill level 9 in Dodging
 15812 | Lair:2   | Reached skill level 5 in Armour
 15967 | Lair:3   | Noticed Nergalle
 15973 | Lair:3   | Killed Nergalle
 15973 | Lair:3   | Reached skill level 8 in Fighting
 15973 | Lair:3   | Reached skill level 9 in Short Blades
 16938 | Lair:3   | Reached skill level 4 in Evocations
 17049 | Lair:3   | Learned a level 3 spell: Mephitic Cloud
 17322 | Lair:3   | Noticed Rupert
 17324 | Lair:3   | Was placed under penance by Dithmenos
 17350 | Lair:3   | HP: 22/93 [Rupert (5)]
 17359 | Lair:3   | HP: 21/93 [Rupert (6)]
 17364 | Lair:3   | Killed Rupert
 17364 | Lair:3   | Reached XP level 13. HP: 22/99 MP: 10/16
 17720 | Lair:2   | Was forgiven by Dithmenos
 17853 | Lair:3   | Found an iron altar of Okawaru.
 18028 | Lair:4   | Found a staircase to the Swamp.
 18052 | Lair:4   | Reached skill level 1 in Spellcasting
 18798 | Lair:4   | Got a pair of jewelled boots
 18809 | Lair:4   | Identified the +0 pair of boots "Bolooqei" {rElec rN+ Dex+4 Stlth-} (You found it on level 4 of the Lair of Beasts)
 19058 | Lair:4   | Got a heavily runed leather armour
 19064 | Lair:4   | Reached skill level 11 in Hexes
 19079 | Lair:4   | Identified the +3 leather armour "Weup" {Int+2 Slay+3} (You found it on level 4 of the Lair of Beasts)
 19154 | Lair:5   | Reached skill level 10 in Dodging
 19237 | Lair:5   | Found a hole to the Spider Nest.
 19254 | Lair:5   | Reached skill level 2 in Spellcasting
 19527 | Lair:5   | Reached skill level 6 in Armour
 20170 | Lair:6   | Reached skill level 10 in Short Blades
 20625 | Lair:6   | Reached skill level 3 in Spellcasting
 20640 | Lair:6   | Reached skill level 5 in Evocations
 21328 | Lair:7   | Reached skill level 9 in Fighting
 21680 | Lair:7   | Reached skill level 12 in Hexes
 21863 | Lair:8   | Entered Level 8 of the Lair of Beasts
 21925 | Lair:8   | Reached XP level 14. HP: 108/108 MP: 19/19
 22107 | Lair:8   | Found a viscous altar of Jiyva.
 22107 | Lair:8   | Found a staircase to the Slime Pits.
 22173 | Lair:8   | Found a labyrinth entrance.
 22182 | Lab      | Entered a labyrinth
 22741 | Lab      | Got a shimmering copper ring
 22743 | Lab      | Identified the ring of Ineif {rF+ Dex+4} (You found it in a labyrinth)
 22940 | Lair:8   | Reached skill level 4 in Spellcasting
 22984 | Lair:8   | Learned a level 3 spell: Dazzling Spray
 23132 | Lair:8   | Reached skill level 11 in Dodging
 23194 | Lair:8   | Reached skill level 6 in Evocations
 23331 | Lair:8   | Reached ****** piety under Dithmenos
 23579 | Lair:8   | Reached skill level 7 in Armour
 23707 | Lair:8   | Learned a level 6 spell: Invisibility
 23709 | Lair:8   | Learned a level 1 spell: Summon Butterflies
 23985 | Lair:1   | Learned a level 1 spell: Apportation
 24012 | Orc:1    | Entered Level 1 of the Orcish Mines
 24381 | Orc:2    | Entered Level 2 of the Orcish Mines
 24698 | Orc:2    | Noticed an orc warlord
 24704 | Orc:2    | Reached skill level 13 in Hexes
 24715 | Orc:2    | Killed an orc warlord
 24785 | Orc:2    | Found Miyxkusk's Armour Boutique.
 24881 | Orc:2    | Found a roughly hewn altar of Beogh.
 25118 | Orc:2    | Found Zumegheg's Jewellery Shop.
 25121 | Orc:2    | Reached skill level 14 in Hexes
 25175 | Orc:2    | Bought the ring "Kasor" {rN+ MR+ EV+3} for 567 gold pieces
 25738 | Orc:2    | Found a staircase to the Elven Halls.
 25800 | Orc:2    | Reached skill level 15 in Hexes
 26006 | Orc:2    | Found Velafus's Food Emporium.
 26183 | Orc:2    | Noticed an orc warlord
 26202 | Orc:2    | Killed an orc warlord
 26262 | Orc:2    | Found a roughly hewn altar of Beogh.
 26445 | Orc:2    | Reached XP level 15. HP: 115/115 MP: 17/22
 26584 | Orc:2    | Found Othryrche's Distillery.
 26592 | Orc:2    | Reached skill level 16 in Hexes
 26616 | Orc:2    | Bought a potion of invisibility for 96 gold pieces
 26616 | Orc:2    | Bought a potion of heal wounds for 60 gold pieces
 26616 | Orc:2    | Bought a potion of degeneration for 12 gold pieces
 26978 | Elf:1    | Entered Level 1 of the Elven Halls
 27434 | Elf:1    | Noticed Azrael
 27494 | Elf:1    | Reached skill level 1 in Long Blades
 27511 | Elf:1    | HP: 16/115 [Azrael/blast of hellfire (40)]
 27511 | Elf:1    | HP: 7/115 [Azrael/fireball (9)]
 27514 | Elf:1    | Killed Azrael
 27524 | Elf:1    | Reached skill level 10 in Fighting
 27816 | Elf:1    | Reached skill level 17 in Stealth
 27817 | Elf:1    | Found a radiant altar of Vehumet.
 27881 | Elf:1    | Reached skill level 2 in Long Blades
 28986 | Elf:1    | Reached skill level 3 in Long Blades
 29109 | Elf:1    | Found Ruid's Gadget Shoppe.
 29285 | Elf:2    | Reached skill level 12 in Dodging
 29304 | Elf:2    | Found a radiant altar of Vehumet.
 29397 | Elf:2    | Found a runed gate.
 29431 | Elf:2    | Found a runed gate.
 29461 | Elf:2    | Reached skill level 4 in Long Blades
 29778 | Elf:2    | Reached skill level 8 in Armour
 30038 | Elf:2    | Found a runed gate.
 30216 | Elf:2    | Noticed Agnes
 30321 | Elf:2    | Reached XP level 16. HP: 115/124 MP: 18/23
 30342 | Elf:2    | Reached skill level 18 in Stealth
 30511 | Elf:2    | Reached skill level 5 in Long Blades
 30539 | Elf:2    | Killed Agnes
 31424 | Elf:3    | Entered Level 3 of the Elven Halls
 31441 | Elf:3    | Reached skill level 11 in Fighting
 31800 | Elf:3    | Found Zasaumoe's Antique Armour Emporium.
 31820 | Elf:3    | Reached skill level 13 in Dodging
 32036 | Elf:3    | Reached skill level 6 in Long Blades
 32052 | Elf:3    | Reached skill level 9 in Armour
 32061 | Elf:3    | Noticed a deep elf blademaster
 32071 | Elf:3    | Killed a deep elf blademaster
 32694 | Elf:3    | Reached skill level 19 in Stealth
 32724 | Elf:3    | Noticed a deep elf master archer
 32739 | Elf:3    | Noticed a Shadow Fiend
 33187 | Elf:3    | Noticed a deep elf blademaster
 33188 | Elf:3    | Killed a deep elf master archer
 33191 | Elf:3    | Noticed Saint Roka
 33308 | Elf:3    | Noticed a deep elf master archer
 33435 | Elf:3    | Killed Saint Roka
 33648 | Elf:3    | Got an ichor-stained chain mail
 33666 | Elf:3    | Identified the +8 chain mail of the Will of the Gods {rF- Dex+4} (You took it off an orc on level 3 of the Elven Halls)
 33699 | Elf:3    | Identified a +3 iron rod (10/10) (You took it off an orc warrior on level 3 of the Elven Halls)
 33703 | Elf:3    | Got a spiked scale mail
 33715 | Elf:3    | Identified the +4 scale mail of the Gloaming {rElec Str+2} (You took it off an orc on level 3 of the Elven Halls)
 33740 | Elf:3    | Identified a scroll of acquirement
 33773 | Elf:3    | Got a wavering pewter ring
 33773 | Elf:3    | Identified the Tome of Damaging Air
 33787 | Elf:3    | Got a pair of spiked gloves
 33798 | Elf:3    | Identified the cursed +0 pair of gloves "Jigoiske" {rCorr Int-4 Stlth+} (You found it on level 3 of the Elven Halls)
 33849 | Elf:3    | Identified the ring "Jyariby" {rC+ Slay+3} (You took it off a deep elf mage on level 3 of the Elven Halls)
 33893 | Elf:3    | Reached XP level 17. HP: 126/132 MP: 19/24
 33893 | Elf:3    | Cast into level 2 of the Abyss (a deep elf sorcerer)
 33914 | Elf:3    | Escaped the Abyss
 33959 | Elf:3    | Cast into level 2 of the Abyss (a deep elf sorcerer)
 34009 | Elf:3    | Escaped the Abyss
 34309 | Elf:3    | Reached skill level 11 in Short Blades
 34347 | Elf:3    | Reached skill level 14 in Dodging
 34372 | Elf:3    | Got an iridescent arbalest
 34418 | Elf:3    | Identified a +0 pair of boots of running (You found it on level 3 of the Elven Halls)
 34902 | D:11     | Killed George's ghost
 35724 | D:12     | Reached skill level 12 in Fighting
 35746 | D:12     | Reached skill level 20 in Stealth
 36008 | D:12     | Noticed Josephine
 36028 | D:12     | Killed Josephine
 36179 | D:12     | Found a portal to a secret trove of treasure.
 36330 | D:13     | Reached skill level 12 in Short Blades
 36467 | D:13     | Learned a level 2 spell: Repel Missiles
 36637 | D:13     | Learned a level 6 spell: Darkness
 36667 | D:13     | Found a gate to the Vaults.
 36893 | D:13     | Got a steaming whip
 36917 | D:13     | Identified a +6 rod of destruction (12/12) (You found it on level 13 of the Dungeon)
 37502 | D:14     | Reached skill level 13 in Short Blades
 37521 | D:14     | Reached skill level 1 in Charms
 37881 | D:14     | Reached skill level 2 in Charms
 38242 | D:14     | Reached skill level 3 in Charms
 38311 | D:15     | Entered Level 15 of the Dungeon
 38322 | D:15     | Found a staircase to the Depths.
 38469 | D:15     | Noticed Kirke
 38476 | D:15     | Killed Kirke
 38476 | D:15     | Reached XP level 18. HP: 142/142 MP: 19/25
 38759 | D:15     | Noticed Nessos
 38766 | D:15     | Killed Nessos
 38766 | D:15     | Reached skill level 10 in Armour
 38766 | D:15     | Reached skill level 4 in Charms
 39365 | Spider:1 | Entered Level 1 of the Spider Nest
 39435 | Spider:1 | Got a bloodstained plate armour
 39575 | Spider:1 | Identified the +9 plate armour of Sohodu {*Corrode Regen+ Int-4 Dex+9} (You found it on level 1 of the Spider Nest)
 39732 | Spider:1 | Reached skill level 14 in Short Blades
 40068 | Spider:2 | Reached skill level 5 in Charms
 40189 | Spider:2 | Reached skill level 13 in Fighting
 40285 | Spider:2 | Noticed Wiglaf
 40310 | Spider:2 | HP: 27/143 [Wiglaf/war axe of freezing (14)]
 40317 | Spider:2 | Noticed Asterion
 40639 | Spider:2 | Killed Asterion
 40876 | Spider:2 | Killed Wiglaf
 40982 | Spider:2 | Reached skill level 6 in Charms
 41858 | Spider:4 | Entered Level 4 of the Spider Nest
 42393 | Spider:4 | Reached skill level 7 in Charms
 42406 | Spider:4 | Reached skill level 5 in Shields
 42433 | Spider:4 | HP: 26/143 [redback (11)]
 42433 | Spider:4 | HP: 7/143 [ghost moth (8)]
 42433 | Spider:4 | HP: 3/143 [ghost moth (4)]
 42434 | Spider:4 | Slain by a redback

Vault maps used:
D:1:      lightli_iron_boxes
D:2:      hangedman_glass_teeth, grunt_dithmenos_smoke
D:3:      grunt_temple_overflow_growth_and_decay, bh_chokoban, st_stairs_5,
          kennysheep_generic_room_11, uniq_sigmund
D:4:      grunt_temple_overflow_cloverleaf, first_bread,
          hangedman_abyss_or_decor_stagger, bloody_trog, uniq_robin
D:5:      minmay_temple_entry_glass, serial_shops, shop, st_stairs_13,
          uniq_menkaure, uniq_blork_the_orc
D:7:      grunt_temple_overflow_holy_war, old_standard_altar,
          kennysheep_mini_moat, uniq_joseph, uniq_crazy_yiuf_cottage
D:8:      gammafunk_temple_overflow_pools, uniq_prince_ribbit1
D:9:      lemuel_round_altar, kennysheep_little_box, orc_david_3, serial_shops,
          shop, david_nohive_1, kennysheep_path_1, lemuel_blue_sif_altar,
          uniq_erica
D:10:     lemuel_ogre_cave, dpeg_lair_monsters, serial_shops,
          nicolae_shop_statue_plus
D:11:     lemuel_flamethrower_2, uniq_grum
D:12:     enter_trove_6, uniq_josephine
D:13:     david_vaults_4, minivault_27, minmay_lindwurm_lava
D:14:     infiniplex_staircase_9_rooms
D:15:     gammafunk_depths_entry_grave, dk_noncrumbling_4, uniq_nessos,
          uniq_kirke
Lair:1:   st_stairs_6, minivault_26, serial_bayou_shore_b
Lair:2:   cheibrodos_lair_reptile_den, grunt_megastairs_3, serial_bayou_shore_b,
          lemuel_fruit_tree
Lair:3:   basic_altar, st_stairs_3, uniq_rupert, uniq_nergalle
Lair:4:   swamp_mist
Lair:5:   pond_and_an_island_with_a_cottage, nicolae_spider_entry_orb_guardian,
          serial_bayou_shore_b
Lair:6:   nicolae_lair_grove_arrangements, ldierk_geyser,
          grunt_forest_stairs_basic, beast_lair_carwin_2, grunt_megastairs_4
Lair:7:   columned_hall_lemuel
Lair:8:   grunt_lair_end_beastmaster, slime_altar_1, lab_entry_generic,
          wad_woods_road_02, grunt_megastairs_1
Spider:1: nicolae_trapdoor_corridor
Spider:2: nicolae_spider_cling_halls, nicolae_spider_cling_ruins, uniq_wiglaf,
          uniq_asterion
Spider:3: guppyfry_wasp_nest
Spider:4: grunt_spider_rune_parallel
Orc:2:    pubby_orc_utopia
Elf:1:    basic_altar, serial_shops, shop, minmay_elf_crystal_heptagon,
          uniq_azrael
Elf:2:    basic_altar, uniq_agnes
Elf:3:    grunt_elf_hall_spiral, serial_shops, nicolae_shop_crystal,
          uniq_saint_roka
Abyss:2:  hangedman_decor_peaks_small, onia_ninara_dug_in_and_dangerous
Lab:      lab_fountain, nicolae_lab_very_dead_end, lab_hedge, nicolae_lab_grate

Action                   |  1- 3 |  4- 6 |  7- 9 | 10-12 | 13-15 | 16-18 || total
-------------------------+-------+-------+-------+-------+-------+-------++-------
Melee: Dagger            |   108 |   137 |       |   254 |   749 |       ||  1248
       Trident           |       |    53 |   353 |  1022 |       |       ||  1428
       Short sword       |       |       |       |   519 |   576 |   410 ||  1505
       Rapier            |       |       |       |       |   443 |       ||   443
       Scimitar          |       |       |       |       |   359 |   436 ||   795
       Quick blade       |       |       |       |       |       |  1147 ||  1147
 Cast: Tukima's Dance    |       |       |       |    13 |    79 |    31 ||   123
       Confuse           |       |       |       |    14 |    14 |     4 ||    32
       Dazzling Spray    |       |       |       |       |     9 |     4 ||    13
       Invisibility      |       |       |       |       |    14 |    25 ||    39
       Darkness          |       |       |       |       |       |     2 ||     2
Invok: Shadow Step       |       |       |       |       |     1 |       ||     1
 Abil: End Transformatio |       |       |     1 |       |     2 |     4 ||     7
       Bat Form          |       |       |     1 |       |     2 |     4 ||     7
Evoke: Wand              |       |       |       |     1 |     1 |     1 ||     3
       Phial of floods   |       |       |       |       |       |     1 ||     1
  Use: Scroll            |     1 |     6 |       |     3 |    24 |     7 ||    41
       Potion            |       |     1 |     6 |    11 |     8 |    12 ||    38
 Stab: Sleeping          |    12 |     8 |    15 |    80 |   131 |   129 ||   375
       Distracted        |       |       |     6 |     9 |    14 |    13 ||    42
       Confused          |       |       |       |     3 |     7 |     3 ||    13
       Invisible         |       |       |       |       |    58 |   119 ||   177
       Petrified         |       |       |       |       |     2 |       ||     2
  Eat: Corpse            |       |       |     3 |     6 |     2 |     2 ||    13

Vault maps used:
D:1:      lightli_iron_boxes
D:2:      hangedman_glass_teeth, grunt_dithmenos_smoke
D:3:      grunt_temple_overflow_growth_and_decay, bh_chokoban, st_stairs_5,
          kennysheep_generic_room_11, uniq_sigmund
D:4:      grunt_temple_overflow_cloverleaf, first_bread,
          hangedman_abyss_or_decor_stagger, bloody_trog, uniq_robin
D:5:      minmay_temple_entry_glass, serial_shops, shop, st_stairs_13,
          uniq_menkaure, uniq_blork_the_orc
D:7:      grunt_temple_overflow_holy_war, old_standard_altar,
          kennysheep_mini_moat, uniq_joseph, uniq_crazy_yiuf_cottage
D:8:      gammafunk_temple_overflow_pools, uniq_prince_ribbit1
D:9:      lemuel_round_altar, kennysheep_little_box, orc_david_3, serial_shops,
          shop, david_nohive_1, kennysheep_path_1, lemuel_blue_sif_altar,
          uniq_erica
D:10:     lemuel_ogre_cave, dpeg_lair_monsters, serial_shops,
          nicolae_shop_statue_plus
D:11:     lemuel_flamethrower_2, uniq_grum
D:12:     enter_trove_6, uniq_josephine
D:13:     david_vaults_4, minivault_27, minmay_lindwurm_lava
D:14:     infiniplex_staircase_9_rooms
D:15:     gammafunk_depths_entry_grave, dk_noncrumbling_4, uniq_nessos,
          uniq_kirke
Lair:1:   st_stairs_6, minivault_26, serial_bayou_shore_b
Lair:2:   cheibrodos_lair_reptile_den, grunt_megastairs_3, serial_bayou_shore_b,
          lemuel_fruit_tree
Lair:3:   basic_altar, st_stairs_3, uniq_rupert, uniq_nergalle
Lair:4:   swamp_mist
Lair:5:   pond_and_an_island_with_a_cottage, nicolae_spider_entry_orb_guardian,
          serial_bayou_shore_b
Lair:6:   nicolae_lair_grove_arrangements, ldierk_geyser,
          grunt_forest_stairs_basic, beast_lair_carwin_2, grunt_megastairs_4
Lair:7:   columned_hall_lemuel
Lair:8:   grunt_lair_end_beastmaster, slime_altar_1, lab_entry_generic,
          wad_woods_road_02, grunt_megastairs_1
Spider:1: nicolae_trapdoor_corridor
Spider:2: nicolae_spider_cling_halls, nicolae_spider_cling_ruins, uniq_wiglaf,
          uniq_asterion
Spider:3: guppyfry_wasp_nest
Spider:4: grunt_spider_rune_parallel
Orc:2:    pubby_orc_utopia
Elf:1:    basic_altar, serial_shops, shop, minmay_elf_crystal_heptagon,
          uniq_azrael
Elf:2:    basic_altar, uniq_agnes
Elf:3:    grunt_elf_hall_spiral, serial_shops, nicolae_shop_crystal,
          uniq_saint_roka
Abyss:2:  hangedman_decor_peaks_small, onia_ninara_dug_in_and_dangerous
Lab:      lab_fountain, nicolae_lab_very_dead_end, lab_hedge, nicolae_lab_grate

Table legend:
 A = Turns spent in this place as a percentage of turns spent in the entire game.
 B = Non-inter-level travel turns spent in this place as a percentage of non-inter-level travel turns spent in the entire game.
 C = Inter-level travel turns spent in this place as a percentage of turns spent in this place.
 D = Turns resting spent in this place as a percentage of non-inter-level travel turns spent in this place.
 E = Turns spent auto-exploring this place as a percentage of non-inter-level travel turns spent in this place.
 F = Non-inter-level travel turns spent in this place divided by the number of levels of this place that you've seen.
                   A       B       C       D       E      F
               +-------+-------+-------+-------+-------+----------------------
         Total | 100.0 | 100.0 |   0.4 |   2.0 |   6.4 | 460.9
       Dungeon |  36.1 |  36.0 |   0.6 |   1.8 |   8.5 | 386.9
          Lair |  25.0 |  25.0 |   0.3 |   0.7 |   4.7 | 503.9
   Spider Nest |  10.1 |  10.1 |   0.2 |   1.3 |   5.3 | 408.2
  Orcish Mines |   6.4 |   6.4 |   0.3 |   3.1 |  12.1 | 517.5
   Elven Halls |  17.0 |  17.0 |   0.3 |   4.9 |   4.8 | 916.7
         Abyss |   0.4 |   0.4 |   0.0 |   0.0 |   1.5 |  33.5
     Labyrinth |   5.0 |   5.0 |   0.0 |   0.0 |   0.0 | 814.0
               +-------+-------+-------+-------+-------+----------------------

Table legend:
 A = Kills in this place as a percentage of kills in entire the game.
 B = Kills by you in this place as a percentage of kills by you in the entire game.
 C = Kills by friends in this place as a percentage of kills by friends in the entire game.
 D = Other kills in this place as a percentage of other kills in the entire game.
 E = Experience gained in this place as a percentage of experience gained in the entire game.
 F = Experience gained in this place divided by the number of levels of this place that you have seen.
                   A       B       C       D       E      F
               +-------+-------+-------+-------+-------+----------------------
         Total | 100.0 | 100.0 | 100.0 | 100.0 | 100.0 | 10091.4
       Dungeon |  39.6 |  42.2 |   4.1 |  11.1 |  23.6 | 5549.5
          Lair |  21.3 |  22.8 |   2.7 |   0.0 |  17.8 | 7845.8
   Spider Nest |  11.5 |  12.1 |   1.4 |  11.1 |  16.1 | 14229.8
  Orcish Mines |  13.2 |  10.2 |  63.0 |  11.1 |   5.7 | 10138.5
   Elven Halls |  14.1 |  12.4 |  28.8 |  66.7 |  36.4 | 42819.0
     Labyrinth |   0.2 |   0.2 |   0.0 |   0.0 |   0.4 | 1537.0
               +-------+-------+-------+-------+-------+----------------------
